Map: Ruins of Seras

Players

Cosmo - Winner!

  • Race: Terran Terran
  • League: Grandmaster

wabbajack

  • Race: Zerg Zerg
  • League: Gold

VOD

Have the link to the VOD?

Description

Time

  • Played on: July 22, 2015, 1:11 a.m.
  • Length: 13:11
Show
View Real Time Build Order
Export as new Build Order

Cosmo Terran - Winner!

Build Orders: Liberator Opening 

Get SALT Encoding   

  12  0:01  SCV  
  13  0:13  SCV  
  14  0:22  Supply Depot  
  14  0:25  SCV  
  15  0:30  Refinery  
  15  0:44  SCV  
  15  0:45  Barracks  
  16  0:55  Refinery  
  16  0:56  SCV  
  17  1:08  SCV  
  18  1:12  Supply Depot  
  18  1:20  SCV  
  19  1:36  Orbital Command  
  19  1:41  Bunker  
  19  1:55  Factory  
  19  2:04  SCV, Marine  
  21  2:16  SCV  
  22  2:27  Supply Depot  
  22  2:28  SCV  
  23  2:44  Factory Tech Lab  
  23  2:45  Starport x2  
  23  2:51  SCV  
  24  2:53  Marine  
  25  3:03  SCV  
  26  3:11  Marine  
  27  3:15  Liberator  
  27  3:19  Factory Tech Lab  
  27  3:28  SCV  
  27  3:33  Liberator  
  31  3:36  Armory  
  31  3:42  SCV  
  32  3:50  Supply Depot  
  35  3:57  Liberator  
  35  4:01  Engineering Bay  
  35  4:09  Widow Mine  
  37  4:11  Marine  
  41  4:19  Liberator  
  44  4:42  Command Center  
  44  4:45  Liberator  
  47  5:11  Barracks x2  
  47  5:13  Barracks  
  47  5:15  Barracks  
  35  5:24  SCV  
  34  5:34  Liberator  
  34  5:36  SCV  
  35  5:48  SCV  
  39  6:00  SCV  
  40  6:15  Liberator  
  40  6:32  Liberator  
  34  6:57  SCV  
  35  7:04  Orbital Command  
  32  7:09  SCV  
  33  7:21  SCV  
  26  8:28  Liberator  
  26  8:48  SCV  
  30  8:52  SCV  
  31  8:57  Missile Turret  
  31  8:59  Marine  
  31  9:00  SCV, Marine x4  
  37  9:04  SCV  
  38  9:12  SCV  
  38  9:16  SCV  
  40  9:17  Marine x2  
  42  9:24  SCV  
  42  9:28  SCV  
  44  9:36  SCV  
  42  10:29  Marine x5  
  42  10:31  Orbital Command  
  49  10:42  Hellbat  
  49  10:44  SCV  
  49  10:47  Marine x5  
  55  10:52  Orbital Command  
  55  10:55  Missile Turret  
  55  10:56  SCV  
  58  11:04  Hellbat  
  58  11:09  SCV  
  54  11:17  Missile Turret  
  54  11:18  SCV  
  53  11:21  SCV  
  54  11:30  SCV, Barracks Tech Lab  
  54  11:31  Barracks Reactor  
  55  11:33  SCV, Barracks Tech Lab  
  56  11:42  SCV  
  56  11:45  SCV  
  58  11:52  Missile Turret x2  
  58  11:54  Marauder x2  
  62  12:10  Supply Depot  
  62  12:11  Supply Depot  
  62  12:12  Supply Depot  
  62  12:13  Missile Turret  
  62  12:31  SCV x2, Marine x4  
  62  12:32  Marine, Marauder  
  71  12:38  Supply Depot  
  71  12:43  SCV x2  
  73  12:44  Supply Depot  
  73  12:49  Marauder, Marine x3  
  73  12:50  Marine  
  79  12:55  SCV x2  
Show
View Real Time Build Order
Export as new Build Order

wabbajack Zerg 

Build Orders: Hatch First, Zergling Baneling 

Get SALT Encoding   

  12  0:02  Drone  
  13  0:17  Overlord  
  13  0:25  Drone  
  14  0:29  Extractor  
  14  0:30  Drone  
  15  0:36  Drone  
  15  0:40  Drone  
  17  0:57  Hatchery  
  16  1:06  Drone x2, Extractor  
  17  1:20  Spawning Pool  
  16  1:32  Drone x2  
  18  1:34  Drone  
  19  1:52  Overlord  
  19  2:02  Drone  
  19  2:06  Queen  
  22  2:09  Queen  
  22  2:10  Metabolic Boost  
  22  2:13  Drone  
  22  2:15  Drone  
  26  2:19  Extractor  
  26  2:20  Drone  
  26  2:23  Zergling x2  
  26  2:27  Drone  
  28  2:58  Pneumatized Carapace  
  28  3:11  Zergling x2  
  28  3:12  Zergling x2  
  30  3:13  Zergling x2  
  30  3:14  Overlord  
  30  3:16  Overlord  
  30  3:18  Zergling x2  
  31  3:32  Baneling Nest  
  30  3:40  Zergling x2  
  31  3:41  Zergling x2  
  31  3:42  Zergling x8  
  31  3:45  Overlord  
  31  3:47  Drone x3  
  39  4:00  Hatchery  
  39  4:02  Spore Crawler  
  37  4:06  Spine Crawler  
  36  4:35  Baneling x2  
  36  4:36  Baneling x2  
  36  4:45  Baneling x4  
  36  4:53  Baneling x3  
  36  4:54  Baneling x5  
  32  5:37  Overlord  
  32  5:39  Queen  
  34  5:49  Spore Crawler  
  27  5:53  Spore Crawler  
  27  5:55  Spore Crawler  
  24  5:57  Spore Crawler  
  24  5:58  Spore Crawler  
  24  6:02  Extractor x2  
  15  6:20  Queen  
  15  6:21  Drone  
  15  6:22  Drone x6  
  21  7:15  Drone x3  
  20  8:04  Lair  
  20  8:05  Drone x3  
  23  8:06  Drone  
  23  8:07  Drone x2  
  26  8:18  Queen  
  26  8:46  Drone x3  
  26  8:47  Drone x4  
  26  8:48  Drone  
  32  9:01  Queen  
  34  9:03  Zergling x4  
  34  9:04  Zergling x8  
  40  9:23  Spire  
  39  9:24  Hydralisk Den  
  39  9:27  Drone x2, Roach Warren  
  39  9:28  Drone x2  
  39  9:29  Drone  
  39  9:48  Spore Crawler  
  39  9:52  Spore Crawler  
  37  9:59  Spore Crawler  
  36  10:03  Overlord x2  
  36  10:05  Drone  
  37  10:28  Drone  
  38  10:29  Drone x3  
  38  10:34  Queen  
  43  10:42  Drone, Infestation Pit  
  43  10:43  Drone x4  
  47  10:56  Evolution Chamber  
  47  10:57  Evolution Chamber, Drone x2  
  47  10:59  Evolution Chamber  
  47  11:03  Muscular Augments  
  45  11:06  Zerg Flyer Weapons Level 1  
  45  11:10  Corruptor  
  42  11:20  Hive  
  42  11:25  Drone x2  
  44  11:26  Drone  
  44  11:27  Drone  
  44  11:30  Drone  
  44  11:32  Drone  
  48  11:34  Drone  
  49  12:00  Corruptor  
  49  12:01  Corruptor  
  51  12:05  Corruptor  
  55  12:10  Corruptor  
  55  12:14  Overlord  
  57  12:18  Hydralisk  
  57  12:20  Hydralisk  
  61  12:47  Zergling x6  
  61  12:48  Zergling x12  
Tags
 
Add a new tag
Caveats
  • Supply blocks, unpowered buildings, or Contaminate may cause inaccurate times.
  • Supply counts are checked every 10 seconds.